 Dungeon Crawl Stone Soup version 0.30-a0-23-ge60ba3568b (webtiles) character file.

Game seed: 3718178349140509685

79 SensoryNuts the Chopper (level 4, -4/40 HPs)
             Began as a Hill Orc Monk on Aug 24, 2022.
             Slain by Terence
             ... wielding a +0 falchion
              (9 damage)
             ... on level 3 of the Dungeon.
             The game lasted 00:02:42 (3135 turns).

SensoryNuts the Chopper (Hill Orc Monk)             Turns: 3135, Time: 00:02:42

Health: -4/40      AC:  3    Str: 15    XL:     4   Next: 38%
Magic:  4/4        EV: 12    Int: 10    God:
Gold:   64         SH:  0    Dex: 13    Spells: 3/3 levels left

rFire   . . .      SeeInvis .    a - +0 hand axe
rCold   . . .      Faith    .    (no shield)
rNeg    . . .      Spirit   .    b - +0 robe
rPois   .          Reflect  .    m - +0 helmet
rElec   .          Harm     .    (no cloak)
rCorr   .          Rampage  .    (no gloves)
Will    .....                    (no boots)
Stlth   ++........               (no amulet)
HPRegen 0.13/turn                (no ring)
MPRegen 0.09/turn                (no ring)

@: no status effects
A: no striking features
a: no special abilities


You were on level 3 of the Dungeon.
You visited 1 branch of the dungeon, and saw 3 of its levels.

You collected 64 gold pieces.

Inventory:

Hand Weapons
 a - a +0 hand axe (weapon)
Armour
 b - a +0 robe (worn)
 m - a +0 helmet (worn)
Scrolls
 j - a scroll of summoning
Potions
 c - 2 potions of flight
 e - a potion of attraction


   Skills:
 + Level 4.0 Fighting
 * Level 5.9 Axes
 + Level 2.8 Dodging
 + Level 1.7 Stealth


You had 3 spell levels left.
You didn't know any spells.
Your spell library contained the following spells:

 Spells                   Type           Power      Damage    Failure   Level
 Shock                    Conj/Air       0%         1d3       36%         1
 Swiftness                Air            0%         N/A       75%         3
 Airstrike                Air            0%         2d(0-16)  98%         4
 Iskenderun's Battlesphe  Conj           0%         2d6       100%        5
 Dispersal                Tloc           0%         N/A       100%        6
 Iron Shot                Conj/Erth      0%         9d1       100%        6
 Spellforged Servitor     Conj/Summ      0%         N/A       100%        7
 Disjunction              Tloc           0%         N/A       100%        8


Dungeon Overview and Level Annotations

Branches:
Dungeon (3/15)

Altars:

Shops:
D:2 *

Annotations:
D:3 Terence


Message History

You feel better. Terence barely misses you.
You are confused.
You feel invigorated. Terence hits you with a +0 falchion.
You bump into the rock wall.
Terence completely misses you.
You hit Terence but do no damage.
Terence is almost dead.
Terence hits you with a +0 falchion!
You bump into the rock wall.
Terence hits you with a +0 falchion.
You closely miss Terence.
Terence is almost dead.
Terence hits you with a +0 falchion.
You're too confused to move!
Terence hits you with a +0 falchion!
* * * LOW HITPOINT WARNING * * *
You bump into the rock wall.
Terence barely misses you.
You feel less invigorated.
You feel less confused. Terence hits you with a +0 falchion.
* * * LOW HITPOINT WARNING * * *
Unknown command.
You hit Terence but do no damage.
Terence is almost dead.
Terence closely misses you.
You hit Terence but do no damage.
Terence is almost dead.
Terence hits you with a +0 falchion.
* * * LOW HITPOINT WARNING * * *
You barely miss Terence.
Terence is almost dead.
Terence barely misses you.
You closely miss Terence.
Terence is almost dead.
Terence hits you but does no damage.
You closely miss Terence.
Terence is almost dead.
Terence hits you with a +0 falchion.
* * * LOW HITPOINT WARNING * * *
You barely miss Terence.
Terence is almost dead.
Terence hits you with a +0 falchion!
You die...

#.. ... #.# #.#
#.# #.# # #.#
#.# ..
##+#'###.####..#
#.....##........
#.).<.'........#
#.....##@.......
#......@.#######
##+#+###.# ....
##.### ... ...
.... ...).


You could see Terence.

Vanquished Creatures
  3 adders (D:2)
  3 worms (D:2)
  2 bats (D:1)
  3 endoplasms
  A giant cockroach (D:2)
  5 goblins
  A hobgoblin (D:1)
  7 jackals
  5 quokkas
  6 ball pythons
  2 frilled lizards
  2 kobolds
  2 rats (D:1)
42 creatures vanquished.

Notes
Turn   | Place    | Note
-------+----------+-------------------------------------------
     0 | D:1      | SensoryNuts the Hill Orc Monk began the quest for the Orb.
     0 | D:1      | Reached XP level 1. HP: 19/19 MP: 1/1
   451 | D:1      | Reached XP level 2. HP: 22/27 MP: 2/2
  1328 | D:1      | Reached XP level 3. HP: 33/33 MP: 3/3
  1687 | D:2      | Reached skill level 5 in Axes
  2048 | D:2      | Reached XP level 4. HP: 19/40 MP: 4/4
  2416 | D:2      | Found Vymi's General Store.
  3073 | D:3      | Noticed Terence
  3135 | D:3      | Slain by Terence

Illustrated notes

Levels and vault maps discovered:
D:1:      psy_arrival_fountain, layout_loops_corners, corexii_leaking_fountain
D:2:      layout_loops_cross, serial_shops, shop_fountains, corexii_shack,
          solitary_fountain
D:3:      layout_basic, dk_noncrumbling_4, uniq_terence

Skill      XL: |  1  2  3  4 |
---------------+-------------+-----
Axes           | 5 |  5.9
Fighting       | 4 |  4.0
Dodging        | |  2.8
Stealth        | |  1.7

Action                   |  1- 3 |  4- 6 || total
-------------------------+-------+-------++-------
Melee: Hand axe          |   150 |    72 ||   222
       Punch             |     1 |     1 ||     2
  Use: Potion            |     3 |     5 ||     8
       Scroll            |     3 |     6 ||     9
 Stab: Sleeping          |     2 |     3 ||     5
Armor: Robe              |    23 |     6 ||    29
Dodge: Dodged            |   128 |    39 ||   167

Table legend: (Time is in decaauts)
 A = Elapsed time spent in this place.
 B = Non-inter-level travel time spent in this place.
 C = Inter-level travel time spent in this place.
 D = Time resting spent in this place.
 E = Time spent auto-exploring this place.
 F = Levels seen in this place.
 G = Mean time per level.
                   A        B        C        D        E       F      G
               +--------+--------+--------+--------+--------+-----+--------+
         Total |   3145 |   3042 |    103 |    332 |   2276 |   3 | 1048.3 |
       Dungeon |   3145 |   3042 |    103 |    332 |   2276 |   3 | 1048.3 |
               +--------+--------+--------+--------+--------+-----+--------+

Top non-repeatable levels by time:
     D:1: 1646 daAuts
     D:2: 1429 daAuts
     D:3: 69 daAuts
